AoeStats
← MrFancyPants

Black Forest

504531755Analyzed
4v4 RM · 2mo ago on Sep 5, 2026· 49m 17s· 8 players
Game mode
Random Map
Map size
Large (8 player)
Population
200
Speed
Normal
Resources
Standard
Victory
Conquest
Starting age
Dark Age
Ending age
Imperial Age
RankedLock teamsTeams togetherTeam positionsShared explorationLock speedFull tech treeHidden civsTurbo modeCheats
Victory
Defeat
🇵🇱 Byzantines · Poland
1055
+16
🇷🇺 Slavs · Russia
1030
+17
🇯🇵 Persians · Japan
994
+18
🇪🇸 Saracens · Spain
972
+19
vs
🇮🇳 Aztecs · India
1112
-20
🇩🇪 Vietnamese · Germany
1035
-46
🇬🇧 Mongols · United Kingdom
1022
-17
🇬🇧 Persians · United Kingdom
1004
-16
DelaRocha
1:08 Loom
13:20 Feudal Age
15:13 Town Watch
17:47 Castle Age
16:56 Double-Bit Axe
16:53 Horse Collar
19:34 Bow Saw
20:28 Wheelbarrow
23:29 Heavy Plow
25:52 Gold Mining
31:23 Imperial Age
28:57 Caravan
30:08 Scale Barding Armor
30:13 Forging
30:55 Bloodlines
30:47 Husbandry
31:09 Chain Barding Armor
32:11 Conscription
33:09 Crop Rotation
33:45 Cavalier
35:09 Plate Barding Armor
35:17 Iron Casting
36:16 Elite War Elephant
38:26 Blast Furnace
36:57 Pikeman
37:24 Gambesons
37:30 Halberdier
38:49 Fletching
39:13 Light Cavalry
39:51 Bodkin Arrow
40:17 Arson
41:43 Scale Mail Armor
45:33 Man-at-Arms
45:36 Hussar
46:33 Chain Mail Armor
48:50 Plate Mail Armor
Thepunisherr498
13:19 Feudal Age
17:16 Double-Bit Axe
19:40 Castle Age
17:42 Gold Mining
17:35 Horse Collar
18:32 Stone Mining
22:55 Bow Saw
23:25 Gold Shaft Mining
30:01 Wheelbarrow
32:54 Imperial Age
30:43 Forging
30:39 Scale Barding Armor
30:49 Heavy Plow
31:45 Caravan
32:27 Iron Casting
31:43 Fletching
32:36 Chain Barding Armor
33:58 Conscription
34:44 Blast Furnace
35:07 Two-Man Saw
34:26 Hand Cart
33:57 Elite Mameluke
34:03 Elite Mameluke
36:48 Ballistics
38:23 Plate Barding Armor
Sega Mega Drive
1:14 Loom
12:38 Feudal Age
13:05 Horse Collar
13:14 Double-Bit Axe
19:32 Castle Age
18:14 Stone Mining
18:23 Gold Mining
20:47 Bow Saw
20:40 Heavy Plow
24:27 Gold Shaft Mining
25:24 Caravan
28:11 Wheelbarrow
27:21 Town Watch
31:34 Imperial Age
29:49 Hand Cart
29:48 Detinets
30:08 Forging
29:59 Scale Mail Armor
30:13 Scale Barding Armor
30:01 Fletching
31:27 Pikeman
32:07 Squires
31:28 Man-at-Arms
32:52 Iron Casting
32:37 Chain Barding Armor
32:18 Heavy Scorpion
34:11 Two-Man Saw
33:45 Crop Rotation
33:11 Elite Boyar
34:40 Ballistics
34:42 Bloodlines
34:32 Husbandry
35:07 Siege Engineers
36:54 Blast Furnace
36:40 Plate Barding Armor
35:33 Capped Ram
37:12 Siege Ram
41:20 Conscription
tiwaz55
11:47 Feudal Age
16:50 Castle Age
15:17 Stone Mining
15:54 Fletching
15:55 Double-Bit Axe
15:59 Horse Collar
16:42 Loom
17:54 Bow Saw
18:20 Gold Mining
28:27 Imperial Age
26:34 Forging
27:10 Wheelbarrow
28:26 Hand Cart
30:29 Two-Man Saw
30:25 Conscription
32:33 Gold Shaft Mining
32:13 Heavy Plow
32:30 Fletching
34:30 Stone Shaft Mining
35:06 Hoardings
37:49 Chemistry
36:29 Treadmill Crane
36:46 Bodkin Arrow
38:24 Fortified Wall
38:01 Pikeman
38:42 Squires
41:13 Padded Archer Armor
42:21 Guilds
42:14 Bracer
42:59 Caravan
43:50 Halberdier
45:10 Iron Casting
44:36 Scale Mail Armor
46:00 Crop Rotation
46:28 Arson
47:01 Chain Mail Armor
46:56 Elite Cataphract
47:48 Logistica
49:25 Ballistics
49:01 Murder Holes
49:47 Leather Archer Armor
50:05 Plate Mail Armor
49:41 Scale Barding Armor
Enver Pasha
1:05 Loom
12:56 Feudal Age
17:38 Castle Age
17:53 Double-Bit Axe
17:50 Horse Collar
18:45 Bow Saw
18:43 Heavy Plow
21:21 Wheelbarrow
22:17 Arson
26:17 Squires
29:08 Fletching
29:31 Forging
30:11 Bodkin Arrow
31:32 Sanctity
31:24 Gold Mining
32:29 Devotion
31:54 Pikeman
32:37 Stone Mining
33:44 Coinage
37:40 Imperial Age
36:57 Atlatl
37:56 Scale Mail Armor
38:31 Iron Casting
37:51 Eagle Warrior
39:46 Stone Shaft Mining
39:48 Gold Shaft Mining
39:30 Chain Mail Armor
41:26 Faith
BenYair9460
1:05 Loom
10:49 Feudal Age
11:42 Double-Bit Axe
11:39 Horse Collar
18:04 Castle Age
17:20 Forging
17:08 Gold Mining
19:44 Bow Saw
21:06 Heavy Plow
21:25 Stone Mining
30:34 Imperial Age
29:58 Wheelbarrow
31:51 Chemistry
31:56 Two-Man Saw
31:28 Crop Rotation
32:16 Hand Cart
32:13 Cavalier
34:09 Iron Casting
33:39 Scale Barding Armor
37:34 Caravan
38:04 Coinage
37:45 Guilds
38:46 Gold Shaft Mining
37:53 Savar
39:50 Blast Furnace
39:11 Chain Barding Armor
43:24 Pikeman
44:37 Halberdier
47:01 Banking
46:40 Scale Mail Armor
47:16 Plate Barding Armor
48:26 Chain Mail Armor
PibblesMcGhee
0:27 Loom
12:28 Feudal Age
13:21 Feudal Age
17:16 Castle Age
17:22 Castle Age
17:17 Double-Bit Axe
17:16 Horse Collar
22:14 Wheelbarrow
24:48 Bow Saw
25:06 Hand Cart
25:15 Hand Cart
25:08 Heavy Plow
25:34 Gold Mining
28:50 Gold Shaft Mining
28:34 Fortified Wall
31:07 Imperial Age
29:15 Fletching
30:40 Bodkin Arrow
30:46 Padded Archer Armor
31:16 Masonry
31:53 Bracer
32:32 Hoardings
32:13 Siege Engineers
32:42 Thumb Ring
32:57 Stone Mining
33:41 Conscription
34:31 Chemistry
34:07 Caravan
34:45 Capped Ram
34:51 Elite Mangudai
35:36 Nomads
36:16 Ballistics
35:53 Murder Holes
35:58 Town Watch
36:32 Leather Archer Armor
37:55 Siege Ram
38:50 Town Patrol
39:04 Forging
38:19 Elite Skirmisher
40:45 Drill
43:57 Imperial Skirmisher
44:01 Onager
45:58 Pikeman
MrFancyPants
14:46 Feudal Age
15:45 Double-Bit Axe
15:59 Gold Mining
18:08 Horse Collar
19:50 Wheelbarrow
21:44 Stone Mining
23:37 Arson
24:35 Forging
24:26 Scale Mail Armor
31:09 Castle Age
33:30 Stone Shaft Mining
32:59 Heavy Plow
33:12 Bow Saw
33:19 Squires
32:40 Pikeman
34:23 Hand Cart
40:58 Imperial Age
42:36 Halberdier
45:35 Chain Mail Armor
45:58 Iron Casting
49:21 Guilds
49:13 Caravan
49:45 Coinage
Connection lost

Rejoining the realm…

Still unreachable

The connection could not be restored.

Session expired

The server has moved on; the page needs a fresh start.